 Dungeon Crawl Stone Soup version 0.21.1-1-g345015f (webtiles) character file.

184 shakethe the Grave Robber (level 5, -2/37 HPs)
             Began as a Gnoll Necromancer on Feb 10, 2018.
             Killed by divine providence
             ... invoked by an orc priest
              (10 damage)
             ... on level 3 of the Dungeon.
             The game lasted 00:15:48 (3381 turns).

shakethe the Grave Robber (Gnoll Necromancer)       Turns: 3381, Time: 00:15:48

Health: -2/37      AC:  7    Str: 11    XL:     5   Next: 63%
Magic:  3/12       EV: 13    Int: 21    God:
Gold:   79         SH:  0    Dex: 16    Spells: 7/14 levels left

rFire    . . .     SeeInvis .   t - +0 spear
rCold    . . .     Gourm    .   (no shield)
rNeg     . . .     Faith    .   s - +0 ring mail
rPois    .         Spirit   .   h - +0 helmet
rElec    .         Reflect  .   e - scarf {repulsion}
rCorr    .         Harm     .   (no gloves)
MR       .....                  i - +0 pair of boots
Stlth    ++........             (no amulet)
HPRegen  0.12/turn              g - +4 ring of intelligence
MPRegen  0.13/turn              (no ring)

@: very slightly contaminated, repel missiles
A: distributed training, fangs 1, strong nose
a: no special abilities


You were on level 3 of the Dungeon.
You were not hungry.

You visited 1 branch of the dungeon, and saw 3 of its levels.

You collected 79 gold pieces.

Inventory:

Hand Weapons
 t - a +0 spear (weapon)
   (You found it on level 3 of the Dungeon)
Armour
 a - a +0 robe
 c - a +0 leather armour
   (You found it on level 1 of the Dungeon)
 e - a scarf of repulsion (worn)
   (You found it on level 1 of the Dungeon)
 h - a +0 helmet (worn)
   (You took it off Robin on level 2 of the Dungeon)
 i - a +0 pair of boots (worn)
   (You found it on level 1 of the Dungeon)
 s - a +0 ring mail (worn)
   (You found it on level 3 of the Dungeon)
Jewellery
 g - a +4 ring of intelligence (left hand)
   (You found it on level 3 of the Dungeon)
Scrolls
 d - 2 scrolls of identify {unknown}
 f - 3 scrolls of noise {unknown}
 j - a scroll of remove curse {unknown}
 k - 2 scrolls of enchant armour {unknown}
 m - a scroll of random uselessness {unknown}
 q - a scroll of amnesia {unknown}
 r - a scroll of teleportation {unknown}
Potions
 l - 2 potions of heal wounds {unknown}
Books
 b - a book of Necromancy
 o - a book of Cantrips
   (You found it on level 2 of the Dungeon)
Comestibles
 n - 2 chunks of flesh {@w0}
 p - a ration


   Skills:
 + Level 1.5 Fighting
 + Level 1.5 Short Blades
 + Level 1.5 Long Blades
 + Level 1.5 Axes
 + Level 1.5 Maces & Flails
 + Level 1.5 Polearms
 + Level 1.5 Staves
 + Level 1.5 Slings
 + Level 1.5 Bows
 + Level 1.5 Crossbows
 + Level 1.5 Throwing
 + Level 1.5 Armour
 + Level 4.8 Dodging
 + Level 4.4 Stealth
 + Level 1.5 Shields
 + Level 1.5 Unarmed Combat
 + Level 5.2 Spellcasting
 + Level 1.2 Conjurations
 + Level 1.2 Hexes
 + Level 1.2 Charms
 + Level 1.2 Summonings
 + Level 7.2 Necromancy
 + Level 1.2 Translocations
 + Level 1.2 Transmutations
 + Level 1.2 Fire Magic
 + Level 1.2 Ice Magic
 + Level 1.2 Air Magic
 + Level 1.2 Earth Magic
 + Level 1.2 Poison Magic
 + Level 1.7 Invocations
 + Level 1.5 Evocations


You had 7 spell levels left.
You knew the following spells:

 Your Spells              Type           Power        Failure   Level  Hunger
a - Pain                  Necr           ####         1%          1    None
r - Regeneration          Chrm/Necr      ###.......   13%         3    ##.....
x - Vampiric Draining     Necr           #####.....   3%          3    ##.....


Dungeon Overview and Level Annotations

Branches:
Dungeon (3/15)

Altars:
Uskayaw
Yredelemnul
Zin

Annotations:
D:2 exclusion: Crazy Yiuf, Crazy Yiuf
D:3 rlgrobin's ghost, amateur DsNe


Innate Abilities, Weirdness & Mutations

Your experience applies equally to all skills.
You have very sharp teeth.
Your uncanny sense of smell can sniff out nearby items.


Message History

You take 4 damage, and have 33/37 hp.
You hit the hobgoblin but do no damage. Your bite misses the hobgoblin.
The hobgoblin barely misses you. x2
You completely miss the hobgoblin. You punch the hobgoblin.
The hobgoblin barely misses you.
You hit the hobgoblin but do no damage. The hobgoblin barely misses you.
You hit the hobgoblin but do no damage. The hobgoblin misses you.
You hit the hobgoblin.
You kill the hobgoblin!
You see here a hobgoblin corpse.
You butcher the hobgoblin corpse.
n - 5 chunks of flesh {@w0} (gained 2)
g - an onyx ring You feel clever.
g - a +4 ring of intelligence (left hand) Eating one of 5 chunks of flesh {@w0}.
You eat one of the 5 chunks of flesh {@w0}.
Found an escape hatch in the ceiling.
No target in view!
d - 2 scrolls labeled SUTYPY YMIE (gained 1)
You now have 79 gold pieces (gained 10).
A hobgoblin comes into view.
Health restored: 37 A hobgoblin is nearby!
Aim: a hobgoblin (chance to defeat MR: 93%)
The hobgoblin writhes in agony!
You kill the hobgoblin!
You take 1 damage, and have 36/37 hp.
You now have 11/12 mp.
A frilled lizard comes into view.
You see here a scroll labeled SIPPASA VUJIJA.
The frilled lizard hisses angrily.
You see here a scroll labeled SIPPASA VUJIJA.
q - a scroll labeled SIPPASA VUJIJA Health restored: 37 MP restored: 12 You hit the frilled lizard.
You kill the frilled lizard!
A hobgoblin comes into view.
It is wielding a club. 2 orcs come into view.
The orc shouts!
An orc comes into view. It is wielding a club.
Aim: a hobgoblin, wielding a club (hasn't noticed you, chance to defeat MR: 93%)
The hobgoblin writhes in agony!
You kill the hobgoblin!
The orc shouts! x2; You hear a shout!
An orc priest comes into view.
You now have 11/12 mp.
Aim: an orc, wielding a mace (chance to defeat MR: 93%)
The orc writhes in agony!
An orc comes into view.
You take 1 damage, and have 36/37 hp.
You now have 10/12 mp.
Aim: an orc, wielding a mace (heavily wounded, chance to defeat MR: 93%)
The orc writhes in agony!
You kill the orc!
You take 1 damage, and have 35/37 hp.
You now have 9/12 mp.
Your skin crawls.
You now have 6/12 mp.
The orc priest calls down the wrath of Beogh upon you.
Beogh smites you!
You take 13 damage, and have 23/37 hp.
MASSIVE DAMAGE!!
Your skin is crawling a little less now.
You regained 2 hp, and now have 28/37 hp.
Your skin stops crawling.
Your skin crawls.
You now have 5/12 mp.
The orc barely misses you.
You hit the orc but do no damage.
You regained 2 hp, and now have 34/37 hp.
The orc misses you.
Your skin is crawling a little less now.
Health restored: 37 You hit the orc.
The orc barely misses you.
You hit the orc.
You kill the orc!
The orc hits you with a club.
The orc priest invokes the aid of Beogh against you.
Beogh smites you!
You see here a falchion.
You take 19 damage, and have 18/37 hp.
MASSIVE DAMAGE!!
Your skin stops crawling.
The orc priest mumbles some strange prayers to Beogh against you.
Beogh smites you!
* * * LOW HITPOINT WARNING * * *
You take 13 damage, and have 5/37 hp.
MASSIVE DAMAGE!!
Some of the chunks of flesh in your inventory have rotted away.
You miscast Regeneration.
You are very lightly contaminated with residual magic.
Nothing appears to happen.
You now have 4/12 mp.
You miscast Regeneration.
You sense a malignant aura.
The orc hits you but does no damage.
You now have 1/12 mp.
The orc priest casts a cantrip, but nothing happens.
The orc misses you.
The orc priest mumbles some strange prayers to Beogh against you.
Beogh smites you!
You die...

.#.#.#.............####
....).......#.#.#.#..o)o
#.#.#.#..............###
.....................#
#.#.#.#.........########
........................
#.#.#.#.....o...####....
.........o.o............
###...@.###########..##
####### #..#$ #..#?
#..#$ #..## #.... #....
#####


You could see an orc priest and 2 orcs.

Vanquished Creatures
  Jessica (D:2)
  Robin (D:2)
  4 adders
  An ooze (D:1)
  4 worms
  5 dart slugs
  2 leopard geckos
  3 orcs
  7 bats
  3 giant cockroaches
  14 goblins
  13 hobgoblins
  3 jackals (D:3)
  5 kobolds
  A quokka (D:2)
  2 ball pythons
  4 frilled lizards
  7 rats
80 creatures vanquished.

Notes
Turn   | Place    | Note
-------+----------+-------------------------------------------
     0 | D:1      | shakethe the Gnoll Necromancer began the quest for the Orb.
     0 | D:1      | Reached XP level 1. HP: 13/13 MP: 6/6
   327 | D:1      | Reached XP level 2. HP: 17/19 MP: 4/7
   687 | D:1      | Reached XP level 3. HP: 17/25 MP: 1/9
   692 | D:1      | Learned a level 3 spell: Vampiric Draining
   696 | D:1      | Learned a level 3 spell: Regeneration
   810 | D:1      | Reached skill level 5 in Spellcasting
  1779 | D:2      | Reached skill level 1 in Invocations
  1807 | D:2      | Noticed Robin
  1878 | D:2      | Reached skill level 1 in Fighting
  1878 | D:2      | Reached skill level 1 in Short Blades
  1878 | D:2      | Reached skill level 1 in Long Blades
  1878 | D:2      | Reached skill level 1 in Axes
  1878 | D:2      | Reached skill level 1 in Maces & Flails
  1878 | D:2      | Reached skill level 1 in Polearms
  1878 | D:2      | Reached skill level 1 in Staves
  1878 | D:2      | Reached skill level 1 in Slings
  1878 | D:2      | Reached skill level 1 in Bows
  1878 | D:2      | Reached skill level 1 in Crossbows
  1878 | D:2      | Reached skill level 1 in Throwing
  1878 | D:2      | Reached skill level 1 in Armour
  1878 | D:2      | Reached skill level 1 in Shields
  1878 | D:2      | Reached skill level 1 in Unarmed Combat
  1878 | D:2      | Reached skill level 1 in Evocations
  1890 | D:2      | Killed Robin
  1890 | D:2      | Reached XP level 4. HP: 15/32 MP: 1/11
  2200 | D:2      | Noticed Jessica
  2207 | D:2      | Killed Jessica
  2225 | D:2      | Reached skill level 1 in Conjurations
  2225 | D:2      | Reached skill level 1 in Hexes
  2225 | D:2      | Reached skill level 1 in Charms
  2225 | D:2      | Reached skill level 1 in Summonings
  2225 | D:2      | Reached skill level 1 in Translocations
  2225 | D:2      | Reached skill level 1 in Transmutations
  2225 | D:2      | Reached skill level 1 in Fire Magic
  2225 | D:2      | Reached skill level 1 in Ice Magic
  2225 | D:2      | Reached skill level 1 in Air Magic
  2225 | D:2      | Reached skill level 1 in Earth Magic
  2225 | D:2      | Reached skill level 1 in Poison Magic
  2271 | D:2      | HP: 4/32 [worm (9)]
  2277 | D:2      | HP: 5/32 [poisoned by an adder]
  2279 | D:2      | Noticed a hand axe
  2281 | D:2      | Noticed a dagger
  2354 | D:2      | Found a basalt altar of Yredelemnul.
  2355 | D:2      | Found a glowing silver altar of Zin.
  2379 | D:2      | Reached XP level 5. HP: 28/37 MP: 9/12
  2522 | D:2      | Found a hide-covered altar of Uskayaw.
  2683 | D:2      | Found a runed door.
  2804 | D:2      | Noticed Crazy Yiuf
  2872 | D:3      | Noticed rlgrobin's ghost (amateur DsNe)
  3356 | D:3      | HP: 5/37 [orc priest/divine providence (13)]
  3381 | D:3      | Killed from afar by an orc priest

Skill      XL: |  1  2  3  4 |
---------------+-------------+-----
Spellcasting   | 5 |  5.2
Invocations    | 1 |  1.7
Fighting       | 1 |  1.5
Short Blades   | 1 |  1.5
Long Blades    | 1 |  1.5
Axes           | 1 |  1.5
Maces & Flails | 1 |  1.5
Polearms       | 1 |  1.5
Staves         | 1 |  1.5
Slings         | 1 |  1.5
Bows           | 1 |  1.5
Crossbows      | 1 |  1.5
Throwing       | 1 |  1.5
Armour         | 1 |  1.5
Shields        | 1 |  1.5
Unarmed Combat | 1 |  1.5
Evocations     | 1 |  1.5
Conjurations   | 1 |  1.2
Hexes          | 1 |  1.2
Charms         | 1 |  1.2
Summonings     | 1 |  1.2
Translocations | 1 |  1.2
Transmutations | 1 |  1.2
Fire Magic     | 1 |  1.2
Ice Magic      | 1 |  1.2
Air Magic      | 1 |  1.2
Earth Magic    | 1 |  1.2
Poison Magic   | 1 |  1.2
Dodging        | |  4.8
Stealth        | |  4.4
Necromancy     | |  7.2

Action                   |  1- 3 |  4- 6 || total
-------------------------+-------+-------++-------
Melee: Club              |    53 |   103 ||   156
       Bite              |     5 |    17 ||    22
       Unarmed           |     2 |       ||     2
       Punch             |       |     2 ||     2
       Spear             |       |    10 ||    10
 Cast: Pain              |    58 |    21 ||    79
       Regeneration      |     4 |    11 ||    15
       Vampiric Draining |     1 |       ||     1
  Use: Potion            |     3 |       ||     3
 Stab: Sleeping          |       |     1 ||     1
  Eat: Ration            |     1 |       ||     1
       Chunk             |       |     6 ||     6
Armor: Leather armour    |    25 |    27 ||    52
       Robe              |     1 |       ||     1
       Ring mail         |       |     6 ||     6
Dodge: Dodged            |   102 |    94 ||   196
       Deflected         |     1 |       ||     1

Vault maps used:
D:1:      kilobyte_arrival_exit_the_forest
D:2:      chequers_temple_overflow_statue_of_worship, dancing_weapons_uskayaw,
          uniq_crazy_yiuf_cottage, uniq_jessica, uniq_robin
D:3:      first_ration, serial_glass, glass_columns_c, glass_columns_b,
          glass_columns_c, glass_columns_a, glass_columns_c, glass_columns_b,
          glass_columns_c, glass_columns_a, glass_columns_b, glass_columns_c,
          glass_columns_c, glass_columns_a, glass_columns_b, glass_columns_a,
          feat_on_display, item_on_display_a, due_unseen_surprise,
          item_on_display_a

Table legend:
 A = Turns spent in this place as a percentage of turns spent in the entire game.
 B = Non-inter-level travel turns spent in this place as a percentage of non-inter-level travel turns spent in the entire game.
 C = Inter-level travel turns spent in this place as a percentage of turns spent in this place.
 D = Turns resting spent in this place as a percentage of non-inter-level travel turns spent in this place.
 E = Turns spent auto-exploring this place as a percentage of non-inter-level travel turns spent in this place.
 F = Non-inter-level travel turns spent in this place divided by the number of levels of this place that you've seen.
                   A       B       C       D       E      F
               +-------+-------+-------+-------+-------+----------------------
         Total | 100.0 | 100.0 |   3.3 |  25.6 |  43.2 | 1089.3
       Dungeon | 100.0 | 100.0 |   3.3 |  25.6 |  43.2 | 1089.3
               +-------+-------+-------+-------+-------+----------------------

Table legend:
 A = Kills in this place as a percentage of kills in entire the game.
 B = Kills by you in this place as a percentage of kills by you in the entire game.
 C = Kills by friends in this place as a percentage of kills by friends in the entire game.
 D = Other kills in this place as a percentage of other kills in the entire game.
 E = Experience gained in this place as a percentage of experience gained in the entire game.
 F = Experience gained in this place divided by the number of levels of this place that you have seen.
                   A       B       C       D       E      F
               +-------+-------+-------+-------+-------+----------------------
         Total | 100.0 | 100.0 |   N/A |   N/A | 100.0 |  87.7
       Dungeon | 100.0 | 100.0 |   N/A |   N/A | 100.0 |  87.7
               +-------+-------+-------+-------+-------+----------------------
